 Dungeon Crawl Stone Soup version 0.24-a0-170-gd8427f5 (webtiles) character file.

Game seed: 7138953485421939749

29 galech the Skirmisher (level 3, 26/29 HPs)
             Began as a Demonspawn Fighter on Mar 11, 2019.
             Quit the game on level 1 of the Dungeon.
             The game lasted 00:00:43 (476 turns).

galech the Skirmisher (Demonspawn Fighter)           Turns: 476, Time: 00:00:44

Health: 26/29      AC:  6    Str: 16    XL:     3   Next: 1%
Magic:  3/3        EV:  7    Int:  9    God:
Gold:   28         SH:  9    Dex: 13    Spells: 2/2 levels left

rFire    . . .     SeeInvis .   a - +0 war axe
rCold    . . .     Gourm    .   c - +0 shield
rNeg     . . .     Faith    .   b - +0 scale mail
rPois    .         Spirit   .   (no helmet)
rElec    .         Reflect  .   (no cloak)
rCorr    .         Harm     .   (no gloves)
MR       .....                  (no boots)
Stlth    +.........             (no amulet)
HPRegen  0.09/turn              (no ring)
MPRegen  0.08/turn              (no ring)

@: no status effects
A: claws 1, nightstalker 1
a: no special abilities


You were on level 1 of the Dungeon.
You were not hungry.

You visited 1 branch of the dungeon, and saw 1 of its levels.

You collected 28 gold pieces.

Inventory:

Hand Weapons
 a - a +0 war axe (weapon)
 k - a +2 dagger of flaming
Armour
 b - a +0 scale mail (worn)
 c - a +0 shield (worn)
Scrolls
 h - a scroll of remove curse {unknown}
 i - a scroll of blinking {unknown}
 m - a scroll of noise {unknown}
Potions
 d - a potion of might
 e - a potion of magic {unknown}
 j - a potion of heal wounds {unknown}
 l - a potion of haste {unknown}
 n - a potion of agility {unknown}
Comestibles
 f - 3 rations
 g - 6 chunks of flesh


   Skills:
 + Level 3.3 Fighting
 + Level 2.1 Axes
 + Level 3.0 Armour
 + Level 0.3 Dodging
 + Level 3.0 Shields


You had 2 spell levels left.
You didn't know any spells.
Your spell library was empty.

Dungeon Overview and Level Annotations

Branches:
Dungeon (1/15)

Altars:


Innate Abilities, Weirdness & Mutations

You have sharp fingernails.
You are slightly more attuned to the shadows.


Message History

Found a stone staircase leading down.
A goblin comes into view.
The goblin shouts!
A goblin is nearby!
There is a stone staircase leading down here.
You block the goblin's attack.
You hit the goblin but do no damage. The goblin hits you but does no damage.
You completely miss the goblin.
The goblin hits you but does no damage. x2
You slash the goblin!
You kill the goblin!
You have reached level 3!
Your experience leads to an increase in your attributes!
Increase (S)trength, (I)ntelligence, or (D)exterity?
You feel agile.
Your demonic ancestry asserts itself...
You slip into the darkness of the dungeon.
You see here a goblin corpse.
You butcher the goblin corpse.
g - 6 chunks of flesh (gained 2)
You see here a goblin skeleton.
Are you sure you want to abandon this character and quit the game? (Confirm with "yes".)

.##......# #..#.#.#
.##..#.#.# #+#
....รท..#.# ###.#
###.####.####...##
#.##.....#.....#####
#......#.#.........
#.##.###.#......#
#.##.# #.##...@#
...#.###.###>.##
##............##
####.....#####
#######


There were no monsters in sight!

Vanquished Creatures
  An ooze (D:1)
  4 giant cockroaches (D:1)
  5 hobgoblins (D:1)
  A bat (D:1)
  6 goblins (D:1)
  4 kobolds (D:1)
21 creatures vanquished.

Notes
Turn   | Place    | Note
-------+----------+-------------------------------------------
     0 | D:1      | galech the Demonspawn Fighter began the quest for the Orb.
     0 | D:1      | Reached XP level 1. HP: 18/18 MP: 1/1
   142 | D:1      | Gained mutation: You have sharp fingernails. [demonic
                  | ancestry]
   142 | D:1      | Reached XP level 2. HP: 18/24 MP: 2/2
   471 | D:1      | Gained mutation: You are slightly more attuned to the
                  | shadows. [demonic ancestry]
   471 | D:1      | Reached XP level 3. HP: 25/29 MP: 3/3
   476 | D:1      | Quit the game

Levels and vault maps discovered:
D:1:      scummos_arrival_hexagon, layout_loops_corners

Skill      XL: |  1  2 |
---------------+-------+-----
Axes           | 2 |  2.1
Shields        | 3 |  3.0
Armour         | 3 |  3.0
Fighting       | |  3.3
Dodging        | |  0.3

Action                   || total
-------------------------++-------
Melee: War axe           ||    53
Armor: Scale mail        ||    38
Dodge: Dodged            ||    15
Block: Shield            ||    19

Table legend:
 A = Non-vault XP
 B = Vault XP
 C = Vault XP percentage of total XP
 D = Non-vault monster count
 E = Vault monster count
 F = Vault count percentage of total count
                 A         B        C        D         E       F
            +---------+---------+-------+---------+---------+-------
      Total |      42 |       0 |   0.0 |      21 |       0 |   0.0
            +---------+---------+-------+---------+---------+-------
        D:1 |      42 |       0 |   0.0 |      21 |       0 |   0.0
            +---------+---------+-------+---------+---------+-------
